 Dungeon Crawl Stone Soup version 0.28.0-53-g5a82cb258f (webtiles) character file.

Game seed: 11000151091561262515

3805 firemarshallily the Fighter (level 9, 0/67 (68) HPs)
             Began as a Demonspawn Gladiator on June 10, 2022.
             Was a High Priest of Ignis.
             Slain by a yak (8 damage)
             ... on level 8 of the Dungeon.
             The game lasted 00:19:42 (9253 turns).

firemarshallily the Fighter (Demonspawn Gladiator)  Turns: 9253, Time: 00:19:43

HP:   0/67 (68)     AC: 12    Str: 18      XL:     9   Next: 96%
MP:   9/9           EV: 12    Int: 11 (12) God:    Ignis [*****.]
Gold: 228           SH:  9    Dex: 15      Spells: 8/8 levels left

rFire   + . .      SeeInvis .   a - +0 long sword
rCold   . . .      Faith    .   (no shield)
rNeg    . . .      Spirit   .   o - +0 ring mail
rPois   .          Reflect  +   c - +0 helmet
rElec   .          Harm     .   r - +2 cloak
rCorr   .          Rampage  .   (no gloves)
Will    .....                   h - +0 pair of boots
Stlth   +.........              e - amulet of reflection
HPRegen 0.21/turn               (no ring)
MPRegen 0.11/turn               (no ring)

@: hasted, lightly drained, very quick
A: demonic guardian 2, condensation shield, demonic touch 1, clever 1,
deterioration 1, frail 1
a: Renounce Religion, Fiery Armour, Foxfire Swarm, Rising Flame


You were on level 8 of the Dungeon.
You worshipped Ignis.
Ignis was extremely pleased with you.
You visited 1 branch of the dungeon, and saw 8 of its levels.

You collected 228 gold pieces.

Inventory:

Hand Weapons
 a - a +0 long sword (weapon)
Missiles
 d - 3 throwing nets
 j - 200 stones (quivered)
Armour
 c - a +0 helmet (worn)
 h - a +0 pair of boots (worn)
 o - a +0 ring mail (worn)
 r - a +2 cloak (worn)
Jewellery
 e - an amulet of reflection (around neck)
Wands
 i - a wand of acid (4)
 t - a wand of flame (32)
Scrolls
 b - a scroll of magic mapping {unknown}
 m - a scroll of fear {unknown}
 n - a scroll of teleportation
 p - a scroll of blinking
Potions
 g - a potion of brilliance
 k - 2 potions of curing
 l - a potion of might
 q - a potion of cancellation {unknown}
 s - a potion of flight {unknown}


   Skills:
 * Level 9.3 Fighting
 * Level 8.8 Long Blades
 - Level 2.0 Throwing
 + Level 5.5 Armour
 - Level 3.0 Dodging


You had 8 spell levels left.
You didn't know any spells.
Your spell library contained the following spells:

 Spells                   Type           Power      Damage    Failure   Level
 Shock                    Conj/Air       0%         1d3       52%         1
 Corpse Rot               Necr/Air       0%         N/A       65%         2
 Poisonous Vapours        Pois/Air       0%         N/A       65%         2
 Swiftness                Air            0%         N/A       87%         3
 Tukima's Dance           Hex            0%         N/A       87%         3
 Airstrike                Air            0%         N/A       99%         4
 Anguish                  Hex/Necr       0%         N/A       99%         4
 Enfeeble                 Hex            0%         N/A       100%        7


Dungeon Overview and Level Annotations

Branches:
Dungeon (8/15)             Temple (0/1) D:4
   Lair: D:8-11

Altars:
Ashenzari
Dithmenos
Elyvilon
Fedhas
Qazlal
Wu Jian
Xom
Ignis

Shops:
D:4 :

Annotations:
D:4 2 transporters, Zeld's ghost, amateur MiBe
D:5 3 runed translucent doors, Woods's ghost, novice GnTm
D:8 Joseph


Innate Abilities, Weirdness & Mutations

A demonic guardian rushes to your aid.
A meltable shield of frost defends you. (SH +4)
Your touch may inflict minor irresistible damage on your foes.
Your mind is acute. (Int +2)
Your body sometimes deteriorates upon taking damage.
You are frail. (-10% HP)


Message History

The wight hits you with a +3 great sword.
You hit the wight.
You touch the wight.
The wight is almost destroyed.
The wight misses you.
You slash the wight!
You destroy the wight!
You feel yourself speed up. The yak misses you. You block the wight's attack.
You hit the yak.
The yak is lightly wounded.
You barely miss the yak.
The yak is lightly wounded.
The yak gores you but does no damage. The wight barely misses you.
You barely miss the yak.
The yak is lightly wounded.
The yak gores you!
* * * LOW HITPOINT WARNING * * *
Okay, then.
You barely miss the yak.
The yak is lightly wounded.
The yak gores you.
* * * LOW HITPOINT WARNING * * *
A demonic guardian appears!
You block the wight's attack.
The wight hits your hellwing with a +0 long sword.
The wight hits your hellwing but does no damage.
Your hellwing hits the wight! Your hellwing hits the wight.
The wight is destroyed!
The yak gores you.
* * * LOW HITPOINT WARNING * * *
You slash the yak!
You touch the yak.
The yak is heavily wounded.
You hit the yak but do no damage.
The yak is heavily wounded.
The yak gores you.
* * * LOW HITPOINT WARNING * * *
Your hellwing hits the yak! Your hellwing hits the yak.
The wight hits your hellwing with a +0 long sword.
You completely miss the yak.
The yak is almost dead.
The yak gores you!
You die...

#.##.# #.# ######
#.##.# #.# #.##.###
###.# #.##...#
#...# #.####.#
#.### #.# #.# #.#
#.# #.# #.# #.#
#.#####Y###
####.####...@Y4zoo#
#.........#####.#.#
#.##.###### #..#.#
# #.# ####!# #.#
#z# #.# #z# #.#


.oY #.# ... #.# #.... You could see 2 yaks, a wight (ally target), 2 orcs and a
friendly hellwing (summoned).

Vanquished Creatures
  Pikel (D:6)
  Prince Ribbit (D:7)
  4 yaks (D:8)
  2 steam dragons
  An ice beast (D:8)
  A sky beast (D:7)
  3 ogres
  3 black bears
  A centaur (D:7)
  2 phantoms (D:7)
  2 water moccasin zombies
  2 bullfrogs
  A wyvern zombie (D:6)
  A water moccasin skeleton (D:5)
  A wight (D:8)
  4 orc priests
  2 centaur skeletons (D:7)
  A gnoll shaman (D:8)
  2 iguanas
  2 orc wizards
  A hound zombie (D:5)
  2 hound skeletons (D:4)
  12 gnolls
  6 adders
  A howler monkey skeleton (D:6)
  A worm (D:4)
  2 dart slugs
  4 orcs (D:3)
  7 ball pythons
  4 endoplasms
  2 giant cockroaches
  5 hobgoblins
  2 quokkas
  4 bats
  3 frilled lizards
  3 goblins
  6 kobolds
  5 rats
  A bush (D:7)
108 creatures vanquished.

Vanquished Creatures (collateral kills)
  A wyvern (D:8)
  A wight (D:8)
  2 gnoll shamans
  A hound (D:5)
  A jelly (D:6)
  An iguana (D:5)
  10 gnolls
  2 goblins (D:3)
  A quokka (D:1)
  A ball python (D:3)
  A rat (D:3)
22 creatures vanquished.

Vanquished Creatures (others)
  4 fungi (D:8)
  5 plants
9 creatures vanquished.

Grand Total: 139 creatures vanquished

Notes
Turn   | Place    | Note
-------+----------+-------------------------------------------
     0 | D:1      | firemarshallily the Demonspawn Gladiator began the quest
                  | for the Orb.
     0 | D:1      | Reached XP level 1. HP: 16/16 MP: 1/1
   174 | D:1      | Found a faded altar of an unknown god.
   179 | D:1      | Prayed at the altar of an unknown god.
   179 | D:1      | Became a worshipper of Ignis, the Dying Flame
   185 | D:1      | Gained mutation: A weak demonic guardian rushes to your
                  | aid. [demonic ancestry]
   185 | D:1      | Reached XP level 2. HP: 22/22 MP: 2/2
   394 | D:1      | You fall into a shaft and drop 1 floor!
   435 | D:2      | Reached XP level 3. HP: 16/28 MP: 3/3
  1292 | D:2      | Found a broken altar of Ashenzari.
  2105 | D:3      | Reached skill level 3 in Fighting
  2105 | D:3      | Gained mutation: A meltable shield of frost defends you.
                  | (SH +4) [demonic ancestry]
  2105 | D:3      | Reached XP level 4. HP: 9/35 MP: 4/4
  2145 | D:2      | Reached skill level 1 in Armour
  2158 | D:2      | Gained mutation: Your magical capacity is low. (-10% MP)
                  | [potion of mutation]
  2158 | D:2      | Gained mutation: Your mind is acute. (Int +2) [potion of
                  | mutation]
  2159 | D:2      | Lost mutation: Your mind is acute. (Int +2) [potion of
                  | mutation]
  2159 | D:2      | Lost mutation: Your magical capacity is low. (-10% MP)
                  | [potion of mutation]
  2159 | D:2      | Gained mutation: You are frail. (-10% HP) [potion of
                  | mutation]
  2159 | D:2      | Gained mutation: Your body sometimes deteriorates upon
                  | taking damage. [potion of mutation]
  2159 | D:2      | Gained mutation: Your mind is acute. (Int +2) [potion of
                  | mutation]
  2936 | D:3      | Reached XP level 5. HP: 3/36 MP: 5/5
  3580 | D:4      | Found a stormy altar of Qazlal.
  3598 | D:4      | Found a staircase to the Ecumenical Temple.
  3819 | D:4      | Found Gitipybb's Book Shoppe.
  3904 | D:4      | Found a transporter.
  3906 | D:4      | Noticed Zeld's ghost (amateur MiBe)
  3909 | D:4      | Noticed a necrophage
  3917 | D:4      | Found a transporter.
  3963 | D:4      | Noticed a black bear
  3971 | D:4      | Killed a black bear
  3972 | D:4      | Reached skill level 4 in Fighting
  3972 | D:4      | Reached XP level 6. HP: 28/43 MP: 6/6
  4467 | D:5      | Entered Level 5 of the Dungeon
  4984 | D:5      | Reached skill level 5 in Fighting
  4984 | D:5      | Reached skill level 5 in Long Blades
  4984 | D:5      | Gained mutation: A demonic guardian rushes to your aid.
                  | [demonic ancestry]
  4984 | D:5      | Reached XP level 7. HP: 42/50 MP: 7/7
  5932 | D:5      | Reached skill level 6 in Fighting
  6068 | D:5      | Found a runed translucent gate.
  6068 | D:5      | Found a runed translucent gate.
  6068 | D:5      | Noticed Woods's ghost (novice GnTm)
  6069 | D:5      | Found a runed translucent gate.
  6401 | D:6      | Reached XP level 8. HP: 52/57 MP: 8/8
  6595 | D:6      | Noticed Pikel
  6613 | D:6      | Killed Pikel
  6614 | D:6      | Reached skill level 7 in Fighting
  7445 | D:7      | Noticed Prince Ribbit
  7458 | D:7      | Killed Prince Ribbit
  7576 | D:7      | Gained mutation: Your touch may inflict minor irresistible
                  | damage on your foes. [demonic ancestry]
  7576 | D:7      | Reached XP level 9. HP: 44/65 MP: 9/9
  7973 | D:7      | Found a shimmering altar of Xom.
  7977 | D:7      | Found a shadowy altar of Dithmenos.
  7977 | D:7      | Found an ornate altar of the Wu Jian Council.
  8018 | D:7      | Reached skill level 8 in Fighting
  8398 | D:8      | Noticed Joseph
  8518 | D:8      | Reached skill level 5 in Armour
  8724 | D:8      | Found a blossoming altar of Fedhas.
  9210 | D:8      | Reached skill level 9 in Fighting
  9253 | D:8      | Slain by a yak

Illustrated notes

Levels and vault maps discovered:
D:1:      giann_bridges, layout_basic, hellmonk_ecumenical_altar_heavens_door,
          minivault_24
D:2:      layout_basic, basic_altar
D:3:      layout_basic, hex_tiny
D:4:      layout_rooms, general_overflow_altar,
          mainiacjoe_overflow_tiny_flanked, minmay_temple_entry_wispy,
          gammafunk_ghost_arena, serial_shops, shop, minmay_misc_feat_alley,
          guppyfry_early_lair_pool
D:5:      layout_loops_ring, ebering_ghost_rock_garden
D:6:      layout_loops_ring, serial_glass, glass_columns_b, glass_columns_b,
          uniq_pikel
D:7:      layout_gridville, gammafunk_temple_overflow_forgotten,
          uniq_prince_ribbit1
D:8:      layout_loops_ring, lemuel_zombie_altar_yredelemnul, fedhas_altar_3,
          gammafunk_ghost_nasty_kobolds, serial_shops, nicolae_lakefront_shop,
          uniq_joseph

Skill      XL: |  1  2  3  4  5  6  7  8  9 |
---------------+----------------------------+-----
Throwing       | 2 |  2.0
Long Blades    | 3 4 5 6 7 8 |  8.8
Dodging        | 3 |  3.0
Fighting       | 3 4 5 6 7 9 |  9.3
Armour         | 1 2 3 4 5 |  5.5

Action                   |  1- 3 |  4- 6 |  7- 9 || total
-------------------------+-------+-------+-------++-------
Melee: Long sword        |   123 |   113 |   339 ||   575
       Punch             |       |     1 |     6 ||     7
       Touch             |       |       |    46 ||    46
Throw: Throwing net      |       |     1 |       ||     1
       Stone             |       |     1 |     6 ||     7
Invok: Fiery Armour      |       |       |     1 ||     1
Evoke: Wand              |       |     1 |     1 ||     2
  Use: Scroll            |       |     9 |     3 ||    12
       Potion            |       |     3 |     2 ||     5
 Stab: Sleeping          |     2 |     1 |       ||     3
Armor: Leather armour    |    49 |    20 |    50 ||   119
       Ring mail         |       |       |    49 ||    49
Dodge: Dodged            |    94 |    47 |   113 ||   254
Block: Other             |       |    40 |   117 ||   157
       Reflection        |       |       |     1 ||     1
